 Dungeon Crawl Stone Soup version 0.25-a0-785-gb22c70e859 (webtiles) character file.

Game seed: 7276788476889491305, levelgen mode: deterministic

2720 Conn the Sneak (level 9, 0/56 HPs)
             Began as an Octopode Wizard on Apr 17, 2020.
             Was a Follower of Sif Muna.
             Slain by a gnoll
             ... wielding a +0 whip
              (10 damage)
             ... on level 5 of the Dungeon.
             The game lasted 00:29:58 (6491 turns).

Conn the Sneak (Octopode Wizard)                    Turns: 6491, Time: 00:30:01

Health: 0/56       AC:  8    Str:  7    XL:     9   Next: 66%
Magic:  13/19      EV: 14    Int: 23    God:    Sif Muna [*.....]
Gold:   195        SH:  0    Dex: 10    Spells: 10/21 levels left

rFire    + . .     SeeInvis .   v - +2 short sword (protect)
rCold    x . .     Gourm    .   (no shield)
rNeg     . . .     Faith    .   a - +0 hat
rPois    .         Spirit   .   (no amulet)
rElec    .         Reflect  .   d - ring of resist corrosion
rCorr    +         Harm     .   k - ring of flight
MR       +....                  p - ring of fire
Stlth    ++++++....             n - ring of stealth
HPRegen  0.18/turn              (no ring)
MPRegen  0.16/turn              (no ring)
                                (no ring)
                                (no ring)

@: protection aura
A: almost no armour, stealthy swim, amphibious, 8 rings, constrict 8, camouflage
2, magic resistance 1, wild magic 1, gelatinous body 1
a: Channel Magic, Renounce Religion, Evoke Flight


You were on level 5 of the Dungeon.
You worshipped Sif Muna.
Sif Muna was aware of your devotion.
You were not hungry.

You visited 2 branches of the dungeon, and saw 7 of its levels.

You collected 195 gold pieces.

Inventory:

Hand Weapons
 e - a +0 dagger
 r - a +6 flail of holy wrath
 v - a +2 short sword of protection (weapon)
Missiles
 o - 2 curare-tipped darts (quivered)
Armour
 a - a +0 hat (worn)
Jewellery
 d - a ring of resist corrosion (left tentacle)
 k - a ring of flight (right tentacle)
 n - a ring of stealth (on tentacle)
 p - a ring of fire (on tentacle)
Wands
 u - a wand of acid (8)
 w - a wand of polymorph (3)
Scrolls
 b - 4 scrolls of teleportation
 f - 6 scrolls of identify {unknown}
 g - a scroll of fog {unknown}
 h - 2 scrolls of magic mapping {unknown}
 j - 2 scrolls of immolation {unknown}
 l - 2 scrolls of remove curse {unknown}
 m - 2 scrolls of noise {unknown}
 t - a scroll of random uselessness {unknown}
Potions
 x - a potion of brilliance
Comestibles
 c - 11 rations


   Skills:
 + Level 3.0 Fighting
 + Level 2.5 Short Blades
 + Level 3.3 Maces & Flails
 + Level 0.4 Throwing
 + Level 3.8 Dodging
 + Level 7.8 Stealth
 + Level 6.9 Spellcasting
 + Level 5.0 Conjurations
 + Level 3.3 Summonings
 + Level 1.0 Translocations
 + Level 0.2 Fire Magic
 + Level 2.3 Air Magic
 + Level 2.5 Poison Magic


You had 10 spell levels left.
You knew the following spells:

 Your Spells              Type           Power        Failure   Level  Hunger
a - Magic Dart            Conj           ####         2%          1    None
b - Blink                 Tloc           N/A          12%         2    None
c - Call Imp              Summ           ####....     5%          2    None
d - Conjure Flame         Conj/Fire      #####...     12%         3    None
e - Mephitic Cloud        Conj/Pois/Air  ####....     10%         3    None

Your spell library contained the following spells:

 Spells                   Type           Power        Failure   Level  Hunger
 Slow                     Hex            ##......     17%         2    None


Dungeon Overview and Level Annotations

Branches:
Dungeon (6/15)             Temple (1/1) D:4

Altars:
Ashenzari
Cheibriados
Dithmenos
Elyvilon
Gozag
Hepliaklqana
Kikubaaqudgha
Nemelex Xobeh
Okawaru
Qazlal
Ru
Sif Muna
Trog
Wu Jian
Yredelemnul
Zin

Annotations:
D:4 1 runed translucent door
D:5 1 transporter, omer1ben's ghost, amateur DrFE


Innate Abilities, Weirdness & Mutations

You cannot wear most types of armour.
You are very stealthy in the water. (Stealth+)
You are amphibious.
You can wear up to eight rings at the same time.
You can use your tentacles to constrict eight enemies at once.
Your skin blends seamlessly with your surroundings (Stealth++).
Your rubbery body absorbs attacks. (AC +1, EV +1)
You are resistant to hostile enchantments. (MR+)
Your spells are a little harder to cast, but a little more powerful.


Message History

You hit the gnoll sergeant.
The gnoll sergeant is almost dead.
You constrict the gnoll sergeant, but do no damage.
You constrict the gnoll.
The gnoll struggles to escape constriction.
The gnoll closely misses you.
The gnoll sergeant completely misses you.
The gnoll sergeant is engulfed in noxious fumes.
The gnoll sergeant appears confused.
The gnoll sergeant gestures wildly.
The gnoll sergeant struggles to escape constriction.
The gnoll hits you but does no damage.
You hit the gnoll sergeant.
You kill the gnoll sergeant!
Sif Muna accepts your kill.
You constrict the gnoll.
You kill the gnoll!
Sif Muna accepts your kill. The gnoll hits you with a +0 whip!
You die...

##...##.≈≈#.g#8###8#..#≈≈..#.###
#.####.≈≈#..###.###..#≈≈.##.#
###.# #.≈≈#.g....?....#≈≈.##.#
....# #.≈≈###.##'##.###≈≈....#
##### #.≈≈..#g#..P#.#..≈≈.####
#.≈≈.##.'...'.##.≈≈.#
#.≈≈.#gg#...# .#.≈≈.#
#.≈≈.##.##g##.##.≈≈.#
#.....#.#@).#.#..≈≈.#
#....©#)))©°○.#©.≈≈.######
#.....#g#8°8#.#..≈≈.......
#.≈≈.##.#####.##.≈≈....... #####
#.≈≈.#..#W:.#.g#.≈≈..##### ....#
#.≈≈.##g#g..#.##.≈≈..# #
###.####.≈≈..#.#...#.#..≈≈..#####
#......≈≈###g##'##.###≈≈.......
#.###..≈≈#..........W#≈≈.######


You could see a gnoll sergeant and a gnoll (confused).

Vanquished Creatures
  Pikel (D:4)
  Eustachio (D:6)
  Edmund (D:5)
  An orc warrior (D:4)
  An ogre (D:5)
  A slave (D:4)
  2 phantoms (D:4)
  A centaur (D:6)
  3 bullfrogs (D:6)
  2 gnoll sergeants (D:5)
  6 scorpions
  A howler monkey (D:5)
  A crimson imp (D:5)
  A hound (D:4)
  2 jellies
  A gnoll shaman (D:5)
  2 orc priests (D:4)
  7 orc wizards
  Ijyb (D:4)
  An iguana (D:5)
  7 worker ants
  5 adders
  3 gnolls (D:5)
  A shadow imp (D:5)
  An ooze (D:2)
  3 worms
  2 dart slugs
  7 leopard geckos
  23 orcs
  4 ball pythons
  7 bats
  4 giant cockroaches
  7 goblins
  5 hobgoblins
  15 jackals
  2 quokkas
  A ball python skeleton (D:4)
  6 frilled lizards
  A giant cockroach zombie (D:5)
  7 kobolds
  5 rats
153 creatures vanquished.

Vanquished Creatures (collateral kills)
  Sigmund (D:4)
  A slave (D:4)
  An ogre (D:6)
  A howler monkey (D:6)
  2 orc wizards (D:6)
  3 orcs (D:6)
9 creatures vanquished.

Vanquished Creatures (others)
  5 plants (D:5)
5 creatures vanquished.

Grand Total: 167 creatures vanquished

Notes
Turn   | Place    | Note
-------+----------+-------------------------------------------
     0 | D:1      | Conn the Octopode Wizard began the quest for the Orb.
     0 | D:1      | Reached XP level 1. HP: 11/11 MP: 4/4
   171 | D:2      | Found a shattered altar of Ashenzari.
   234 | D:2      | Reached skill level 3 in Stealth
   234 | D:2      | Reached XP level 2. HP: 12/17 MP: 0/6
   500 | D:2      | Found a hazy altar of Hepliaklqana.
   502 | D:2      | Found a shadowy altar of Dithmenos.
   503 | D:2      | Found an ornate altar of the Wu Jian Council.
   534 | D:2      | Reached XP level 3. HP: 16/21 MP: 5/8
   549 | D:2      | HP: 1/21 [worm (9)]
  1009 | D:2      | Learned a level 2 spell: Blink
  1012 | D:2      | Learned a level 2 spell: Call Imp
  1016 | D:2      | Learned a level 3 spell: Conjure Flame
  1448 | D:2      | Reached XP level 4. HP: 27/27 MP: 5/9
  2232 | D:3      | You fall into a shaft and drop 3 floors!
  2233 | D:6      | Noticed Eustachio
  2233 | D:6      | Noticed a bullfrog
  2352 | D:6      | Reached skill level 1 in Short Blades
  2356 | D:6      | Reached XP level 5. HP: 27/32 MP: 2/11
  2366 | D:6      | Reached skill level 1 in Fighting
  2371 | D:6      | Noticed a centaur
  2378 | D:6      | Reached XP level 6. HP: 28/38 MP: 2/12
  2571 | D:6      | Learned a level 3 spell: Mephitic Cloud
  2635 | D:6      | Killed Eustachio
  2635 | D:6      | Reached skill level 5 in Spellcasting
  2635 | D:6      | Reached XP level 7. HP: 43/43 MP: 9/14
  2876 | D:6      | Found an iron altar of Okawaru.
  2896 | D:6      | Gained mutation: Scrolls take you a little longer to read.
                  | [potion of mutation]
  2896 | D:6      | Gained mutation: Your muscles are strong. (Str +2) [potion
                  | of mutation]
  2896 | D:6      | Gained mutation: Your skin blends seamlessly with your
                  | surroundings (Stealth++). [potion of mutation]
  2897 | D:6      | Lost mutation: Your muscles are strong. (Str +2) [potion of
                  | mutation]
  2897 | D:6      | Lost mutation: Scrolls take you a little longer to read.
                  | [potion of mutation]
  2897 | D:6      | Gained mutation: Your spells are a little harder to cast,
                  | but a little more powerful. [potion of mutation]
  2897 | D:6      | Gained mutation: You are resistant to hostile enchantments.
                  | (MR+) [potion of mutation]
  2921 | D:5      | Entered Level 5 of the Dungeon
  2982 | D:5      | Reached skill level 4 in Stealth
  3166 | D:5      | Identified the +11 spear of Peace {venom, rElec rN+}
  3248 | D:5      | Reached skill level 1 in Air Magic
  3347 | D:5      | Reached skill level 5 in Stealth
  3347 | D:5      | Reached XP level 8. HP: 50/50 MP: 10/16
  3423 | D:5      | Reached skill level 1 in Poison Magic
  3763 | D:5      | Found a transporter.
  3769 | D:5      | Noticed omer1ben's ghost (amateur DrFE)
  3821 | D:5      | Found a transporter.
  3872 | D:5      | Noticed Edmund
  3897 | D:5      | Killed Edmund
  4081 | D:5      | Reached skill level 6 in Stealth
  4236 | D:4      | Noticed Pikel
  4253 | D:4      | Killed Pikel
  4253 | D:4      | Reached skill level 1 in Maces & Flails
  4331 | D:4      | Noticed Sigmund
  4340 | D:4      | Killed Sigmund
  4340 | D:4      | Reached skill level 7 in Stealth
  4340 | D:4      | Reached XP level 9. HP: 45/55 MP: 12/18
  4358 | D:4      | Found a staircase to the Ecumenical Temple.
  4366 | Temple   | Entered the Ecumenical Temple
  4450 | Temple   | Became a worshipper of Sif Muna the Loreminder
  5330 | D:4      | Found a white marble altar of Elyvilon.
  5355 | D:4      | Noticed an angel
  5356 | D:4      | Found a runed translucent door.
  5454 | D:4      | Noticed Ijyb
  5480 | D:4      | Killed Ijyb
  5829 | D:3      | Reached * piety under Sif Muna
  5848 | D:3      | Found a faded altar of an unknown god.
  5882 | D:3      | You fall into a shaft and drop 2 floors!
  5946 | D:3      | Found an opulent altar of Gozag.
  5951 | D:3      | Found a white marble altar of Elyvilon.
  6483 | D:5      | Reached skill level 5 in Conjurations
  6491 | D:5      | Slain by a gnoll

Levels and vault maps discovered:
D:1:      kilobyte_arrival_exit_the_forest, layout_rooms, minivault_27
D:2:      layout_basic, grunt_temple_overflow_open, first_ration
D:3:      layout_basic, minitemple, chequers_ecumenical_altar_simple_redux
D:4:      layout_gridville, minmay_temple_entry_crystal_x, lemuel_angel_altar,
          uniq_ijyb, uniq_sigmund, uniq_pikel
D:5:      layout_loops_corners, gammafunk_ghost_gnarly_gnolls, uniq_edmund
D:6:      layout_cave_pools, okawaru_gym_becter, serial_rivers,
          chequers_serial_rivers_small_b, chequers_serial_rivers_large_a,
          chequers_serial_rivers_room_a, chequers_serial_rivers_small_3,
          chequers_serial_rivers_micro_d, uniq_eustachio
Temple:   regret_index_temple_generic_petals

Skill      XL: |  1  2  3  4  5  6  7  8  9 |
---------------+----------------------------+-----
Stealth        | 3 5 7 |  7.8
Conjurations   | 2 3 4 5 |  5.0
Short Blades   | 1 2 |  2.5
Spellcasting   | 4 5 6 |  6.9
Fighting       | 1 2 3 |  3.0
Summonings     | 2 3 |  3.3
Dodging        | 3 |  3.8
Air Magic      | 1 2 |  2.3
Poison Magic   | 2 |  2.5
Maces & Flails | 1 3 |  3.3
Throwing       | |  0.4
Translocations | |  1.0
Fire Magic     | |  0.2

Action                   |  1- 3 |  4- 6 |  7- 9 || total
-------------------------+-------+-------+-------++-------
Melee: Dagger            |    52 |    38 |    78 ||   168
       Constrict         |    11 |     8 |    50 ||    69
       Tentacles         |     5 |     8 |    20 ||    33
       Flail             |       |       |   111 ||   111
       Short sword       |       |       |    10 ||    10
Throw: Dart              |       |       |     2 ||     2
 Cast: Magic Dart        |    73 |    49 |    85 ||   207
       Call Imp          |     2 |    11 |     5 ||    18
       Mephitic Cloud    |       |     2 |    27 ||    29
       Blink             |       |       |     2 ||     2
       Conjure Flame     |       |       |     1 ||     1
  Use: Scroll            |       |     1 |       ||     1
       Potion            |       |     2 |     6 ||     8
 Stab: Sleeping          |       |       |    12 ||    12
       Confused          |       |       |     9 ||     9
  Eat: Chunk             |     2 |     3 |    13 ||    18
Armor: Skin              |     5 |     1 |    11 ||    17
Dodge: Dodged            |    35 |    23 |   129 ||   187

Table legend:
 A = Non-vault XP
 B = Vault XP
 C = Vault XP percentage of total XP
 D = Non-vault monster count
 E = Vault monster count
 F = Vault count percentage of total count
                 A         B        C        D         E       F
            +---------+---------+-------+---------+---------+-------
      Total |    2495 |    1391 |  35.8 |     149 |      11 |   6.9
            +---------+---------+-------+---------+---------+-------
        D:1 |      30 |       0 |   0.0 |      18 |       0 |   0.0
        D:2 |      80 |       0 |   0.0 |      24 |       0 |   0.0
        D:3 |      63 |       0 |   0.0 |      26 |       0 |   0.0
        D:4 |    1119 |     815 |  42.1 |      40 |       3 |   7.0
        D:5 |     617 |     394 |  39.0 |      27 |       7 |  20.6
        D:6 |     586 |     182 |  23.7 |      14 |       1 |   6.7
            +---------+---------+-------+---------+---------+-------
